 Dungeon Crawl Stone Soup version 0.23.2-33-g5129a83184 (webtiles) character file.

Game seed: 6242290529152797442

70 Folque the Conjurer (level 3, 0/28 HPs)
             Began as a Demigod Conjurer on July 27, 2019.
             Succumbed to an adder's poison
             ... on level 2 of the Dungeon.
             The game lasted 00:04:32 (1358 turns).

Folque the Conjurer (Demigod Conjurer)              Turns: 1358, Time: 00:04:33

Health: 0/28       AC:  3    Str: 11    XL:     3   Next: 77%
Magic:  1/9        EV: 12    Int: 21    God:
Gold:   112        SH:  0    Dex: 16    Spells: 1/7 levels left

rFire    . . .     SeeInvis .   f - +0 short sword
rCold    . . .     Gourm    .   (no shield)
rNeg     . . .     Faith    .   a - +1 robe
rPois    .         Spirit   .   (no helmet)
rElec    .         Reflect  .   (no cloak)
rCorr    .         Harm     .   (no gloves)
MR       .....                  (no boots)
Stlth    ++........             (no amulet)
HPRegen  0.09/turn              (no ring)
MPRegen  0.11/turn              (no ring)

@: lethally poisoned (0 -> -3)
A: high mp 1
a: no special abilities


You were on level 2 of the Dungeon.
You were not hungry.

You visited 1 branch of the dungeon, and saw 2 of its levels.

You collected 112 gold pieces.

Inventory:

Hand Weapons
 f - a +0 short sword (weapon)
Armour
 a - a +1 robe (worn)
 d - a +0 ring mail
Scrolls
 b - a scroll of teleportation {unknown}
 g - a scroll of random uselessness {unknown}
 h - 4 scrolls of remove curse {unknown}
 i - 2 scrolls of enchant weapon {unknown}
Comestibles
 c - 3 rations
 j - a chunk of flesh


   Skills:
 - Level 1.0 Fighting
 - Level 1.7 Dodging
 - Level 1.7 Stealth
 + Level 2.7 Spellcasting
 + Level 4.0 Conjurations
 * Level 1.2 Hexes


You had one spell level left.
You knew the following spells:

 Your Spells              Type           Power        Failure   Level  Hunger
a - Magic Dart            Conj           ###.         2%          1    None
b - Searing Ray           Conj           ###...       4%          2    ##.....
c - Dazzling Spray        Conj/Hex       ##....       14%         3    ###....

Your spell library contained the following spells:

 Spells                   Type           Power        Failure   Level  Hunger
 Iskenderun's Mystic Bla  Conj           ###.....     26%         4    ####...
 Fulminant Prism          Conj/Hex       ##........   43%         4    ####...
 Force Lance              Conj/Tloc      ##......     52%         4    ####...


Dungeon Overview and Level Annotations

Branches:
Dungeon (2/15)


Innate Abilities, Weirdness & Mutations

You have an increased reservoir of magic. (+10% MP)


Message History

Press: ? - help, Shift-Dir - straight line, f - jackal
Aim: a jackal The searing ray hits the jackal.
The jackal is moderately wounded. (Press . to maintain the ray.)
* * * LOW HITPOINT WARNING * * *
You feel sick. The jackal closely misses you.
The searing ray hits the jackal.
The jackal is almost dead.
The jackal misses you. The jackal bites you.
* * * LOW HITPOINT WARNING * * *
Without enough magic to sustain it, your searing ray dissipates.
* * * LOW HITPOINT WARNING * * *
You feel sick.
The jackal bites you but does no damage.
You aren't carrying any potions.
You are too injured to fight recklessly!
Okay, then.
The jackal misses you.
You die...

###########
#......@..#
#.#######h#
# #.# #h#
.## ###.#
#†#
#.######...#
#..?h$..h
.....÷[....#
#..######
....##.###.#
#..#
##.........#
#..#
#.#..#.#.#..
....


You could see a jackal.

Vanquished Creatures
  2 adders (D:2)
  A dart slug (D:1)
  6 leopard geckos
  A ball python (D:1)
  3 bats (D:1)
  A giant cockroach (D:1)
  6 goblins
  3 hobgoblins (D:1)
  7 jackals
  2 frilled lizards
  3 kobolds
  6 rats
41 creatures vanquished.

Notes
Turn   | Place    | Note
-------+----------+-------------------------------------------
     0 | D:1      | Folque the Demigod Conjurer began the quest for the Orb.
     0 | D:1      | Reached XP level 1. HP: 14/14 MP: 5/5
   166 | D:1      | Reached XP level 2. HP: 11/22 MP: 4/7
   632 | D:1      | Reached skill level 1 in Fighting
   688 | D:1      | Learned a level 2 spell: Searing Ray
   893 | D:2      | Reached XP level 3. HP: 15/28 MP: 5/9
   902 | D:2      | Learned a level 3 spell: Dazzling Spray
  1249 | D:2      | Reached skill level 4 in Conjurations
  1318 | D:2      | Reached skill level 1 in Hexes
  1354 | D:2      | HP: 1/28 [jackal (3)]
  1358 | D:2      | Succumbed to an adder's poison

Skill      XL: |  1  2  3 |
---------------+----------+-----
Spellcasting   | 2 |  2.7
Fighting       | 1 |  1.0
Conjurations   | 4 |  4.0
Hexes          | 1 |  1.2
Dodging        | |  1.7
Stealth        | |  1.7

Action                   || total
-------------------------++-------
Melee: Unarmed           ||    12
       Short sword       ||   118
 Cast: Magic Dart        ||    20
       Searing Ray       ||     5
       Dazzling Spray    ||     3
  Use: Scroll            ||     1
 Stab: Sleeping          ||     3
  Eat: Chunk             ||     2
Armor: Robe              ||    34
Dodge: Dodged            ||    89
